 Dungeon Crawl Stone Soup version 0.30-a0-937-ga0a21ad780 (webtiles) character file.

Game seed: 683245593744150159

5 cforsyth the Caller (level 1, -1/16 HPs)
             Began as an Ogre Summoner on Mar 24, 2023.
             Slain by a jackal (3 damage)
             ... on level 1 of the Dungeon.
             The game lasted 00:00:27 (339 turns).

cforsyth the Caller (Ogre Summoner)                  Turns: 339, Time: 00:00:28

Health: -1/16      AC:  3    Str:  9 (11) XL:     1   Next: 80%
Magic:  0/4        EV:  9    Int: 14 (16) God:
Gold:   13         SH:  0    Dex:  8 (9)  Spells: 4/5 levels left

rFire   . . .      SeeInvis .    (no weapon)
rCold   . . .      Faith    .    (no shield)
rNeg    . . .      Spirit   .    a - +0 robe
rPois   .          Reflect  .    (helmet restricted)
rElec   .          Rampage  .    (no cloak)
rCorr   .                        (gloves unavailable)
Will    .....                    (boots unavailable)
Stlth   +                        (no amulet)
HPRegen 0.22/turn                (no ring)
MPRegen 0.09/turn                (no ring)

@: no status effects
A: large, unfitting armour, tough skin 1
a: no special abilities


You were on level 1 of the Dungeon.
You visited 1 branch of the dungeon, and saw 1 of its levels.

You collected 13 gold pieces.

Inventory:

Armour
 a - a +0 robe (worn)
Scrolls
 c - a scroll of identify {unknown}
 d - a scroll of fog {unknown}
 h - a scroll of blinking {unknown}
 i - a scroll of enchant armour {unknown}
Potions
 b - a potion of magic
 f - a potion of might {unknown}
 g - a potion of ambrosia {unknown}


   Skills:
 + Level 1.9 Dodging
 + Level 1.5 Stealth
 + Level 2.5 Spellcasting
 + Level 3.6 Summonings


You had 4 spell levels left.
You knew the following spells:

 Your Spells              Type           Power      Damage    Failure   Level
a - Summon Small Mammal   Summ           48%        N/A       4%          1

Your spell library contained the following spells:

 Spells                   Type           Power      Damage    Failure   Level
 Call Imp                 Summ           12%        N/A       8%          2
 Call Canine Familiar     Summ           12%        N/A       16%         3
 Summon Guardian Golem    Hex/Summ       6%         N/A       32%         3
 Tukima's Dance           Hex            1%         N/A       56%         3
 Summon Lightning Spire   Summ/Air       6%         N/A       71%         4
 Passage of Golubria      Tloc           1%         N/A       92%         4
 Yara's Violent Unravell  Hex/Tmut       0%         3d3       99%         5


Dungeon Overview and Level Annotations

Branches:
Dungeon (1/15)

Altars:


Innate Abilities, Weirdness & Mutations

You are too large for most types of armour.
You have tough skin. (AC +1)


Message History

Something misses your quokka.
Casting: Summon Small Mammal (safe; 4% risk of failure)
Confirm with . or Enter, or press ? or * to list all spells.
The jackal bites you.
The jackal bites you but does no damage.
Something misses your quokka. The jackal closely misses you.
Something closely misses your quokka.
Your quokka misses the jackal. The jackal bites you.
You swap places.
Something bites your quokka.
The jackal bites you but does no damage.
The jackal bites your rat.
Your rat dies!
Your rat's corpse disappears in a puff of smoke!
Your quokka bites the jackal.
Something bites your quokka. The jackal bites you.
* * * LOW HITPOINT WARNING * * *
Casting: Summon Small Mammal (safe; 4% risk of failure)
Confirm with . or Enter, or press ? or * to list all spells.
Your quokka misses the jackal. The jackal barely misses you.
The jackal closely misses your quokka.
Your magical contamination has completely faded away.
The jackal attacks as you move away!
The jackal bites you but does no damage.
Your bat barely misses the jackal.
Your quokka bites the jackal but does no damage.
Your bat barely misses the jackal.
The jackal completely misses your quokka.
Your bat barely misses the jackal.
You barely miss the jackal.
Your bat barely misses the jackal.
The jackal bites you.
* * * LOW HITPOINT WARNING * * *
Your bat hits the jackal but does no damage.
The jackal barely misses you.
Your quokka barely misses the jackal.
The jackal barely misses your quokka.
Your bat closely misses the jackal.
It was a potion of degeneration.
There was something very wrong with that liquid.
You feel weakened.
You feel dopey.
You feel clumsy.
Your bat closely misses the jackal.
Your bat misses the jackal. The jackal bites you.
You die...

#.#.##.##.########...# #.#
## #####.##.##.# #...# #.#
P♣###.##.##.# #.########
......##.##.# #.#8#.^8###
P♣##..##.##.######
#.#^#.#^#.# ##
##............###.#.....#.#
#..#.##..........#.#.....#
...# #######.###.###.....#
...# #@# #..._.....# ...#
#h# #.###.....# #...#
#####h###.#.#.....# .>#
#....rb...#...(.#.#
#^###h#####^#.#.#.#
#.h..h....#8#.^8#.####
#..##.###########..... .$w.
#.# ####.. ... ..# #.#


You could see 4 jackals, a friendly quokka (summoned) and a friendly bat
(summoned).

Vanquished Creatures
  An endoplasm (D:1)
1 creature vanquished.

Vanquished Creatures (collateral kills)
  A dart slug (D:1)
  A ball python (D:1)
2 creatures vanquished.

Grand Total: 3 creatures vanquished

Notes
Turn   | Place    | Note
-------+----------+-------------------------------------------
     0 | D:1      | cforsyth the Ogre Summoner began the quest for the Orb.
     0 | D:1      | Reached XP level 1. HP: 16/16 MP: 3/3
   161 | D:1      | Found a faded altar of an unknown god.
   339 | D:1      | Slain by a jackal

Illustrated notes

Levels and vault maps discovered:
D:1:      amcnicky_arrival_gap_in_the_tavern_cellar, layout_loops_ring,
          shapermc_ecumenical_altar_mp_highgroup, dreamdust_princess_corridor

Action                     || total
---------------------------++-------
  Melee: Unarmed           ||    26
   Cast: Summon Small Mamm ||     9
    Use: Potion            ||     1
 Armour: Robe              ||    12
  Dodge: Dodged            ||    19

Table legend: (Time is in decaauts)
 A = Elapsed time spent in this place.
 B = Non-inter-level travel time spent in this place.
 C = Inter-level travel time spent in this place.
 D = Time resting spent in this place.
 E = Time spent auto-exploring this place.
 F = Levels seen in this place.
 G = Mean time per level.
                   A        B        C        D        E       F      G
               +--------+--------+--------+--------+--------+-----+--------+
         Total |    339 |    339 |      0 |      0 |    269 |   1 |  339.0 |
       Dungeon |    339 |    339 |      0 |      0 |    269 |   1 |  339.0 |
               +--------+--------+--------+--------+--------+-----+--------+

Top non-repeatable levels by time:
     D:1: 339 daAuts
